 Dungeon Crawl Stone Soup version 0.32-a0-411-g744942f433 (webtiles) character file.

Game seed: 10159662820094795805

12 lunkers the Charlatan (level 2, -1/19 HPs)
             Began as a Coglin Wanderer on Feb 21, 2024.
             Slain by a kobold
             ... wielding a +0 short sword
              (2 damage)
             ... on level 1 of the Dungeon.
             The game lasted 00:00:27 (85 turns).

lunkers the Charlatan (Coglin Wanderer)               Turns: 85, Time: 00:00:28

Health: -1/19      AC:  2    Str:  9    XL:     2   Next: 33%
Magic:  3/3        EV: 11    Int: 14    God:
Gold:   12         SH:  0    Dex: 13    Spells: 3/3 levels left

rFire   . . .        a - +0 dagger {Iseul}
rCold   . . .        (no shield)
rNeg    . . .        c - +0 robe
rPois   .            (no helmet)
rElec   .            (no cloak)
rCorr   .            (no gloves)
SInv    .            (no boots)
Will    .....        (no amulet)
Stlth   ++           (no ring)
HPRegen 0.23/turn    (no ring)
MPRegen 0.08/turn

%: no passive effects
@: immotile, revved
A: off-hand wielding, slow wielding, warmup strikes, legs shutdown
a: no special abilities


You were on level 1 of the Dungeon.
You visited 1 branch of the dungeon, and saw 1 of its levels.

You collected 12 gold pieces.

Inventory:

Hand Weapons
 a - a +0 dagger (weapon) {Iseul}
Armour
 c - a +0 robe (worn)
Wands
 d - a wand of polymorph (4)
Potions
 b - a potion of heal wounds


   Skills:
 + Level 1.7 Short Blades
 - Level 1.5 Stealth
 - Level 1.0 Spellcasting
 - Level 1.0 Necromancy
 - Level 2.6 Ice Magic
 - Level 4.0 Evocations


You had 3 spell levels left.
You didn't know any spells.
Your spell library contained the following spells:

 Spells                   Type           Power      Damage    Failure   Level
 Freeze                   Ice            32%        1d5       9%          1
 Kiss of Death            Conj/Necr      8%         2d6       22%         1
 Frozen Ramparts          Ice            16%        1d3       26%         3
 Hailstorm                Conj/Ice       4%         3d5       41%         3
 Fugue of the Fallen      Necr           3%         N/A       45%         3


Dungeon Overview and Level Annotations

Branches:
Dungeon (1/15)

Altars:


Innate Abilities, Weirdness & Mutations

You can wield a second weapon in your off-hand.
It takes a long time for you to wield or remove held weapons.
Your first few attacks do less damage.
Attacking and casting redirects power from your legs.


Message History

You hit the hobgoblin.
The hobgoblin is almost dead.
The hobgoblin closely misses you.
You hit the hobgoblin but do no damage.
The hobgoblin is almost dead.
The hobgoblin hits you but does no damage.
You hit the hobgoblin.
You kill the hobgoblin!
You have reached level 2!
You closely miss the kobold. The kobold misses you.
You hit the kobold.
The kobold is moderately wounded.
The kobold barely misses you.
You closely miss the kobold.
The kobold is moderately wounded.
The kobold hits you with a +0 dagger.
* * * LOW HITPOINT WARNING * * *
You hit the kobold but do no damage.
The kobold is moderately wounded.
The kobold barely misses you.
You closely miss the kobold.
The kobold is moderately wounded.
The kobold hits you with a +0 dagger.
* * * LOW HITPOINT WARNING * * *
You hit the kobold.
The kobold is severely wounded.
The kobold closely misses you.
You hit the kobold.
You kill the kobold!
You hit the ball python.
You kill the ball python!
You hit the rat.
The rat is severely wounded.
The rat bites you.
* * * LOW HITPOINT WARNING * * *
You hit the rat.
You kill the rat!
You closely miss the kobold.
The kobold hits you with a +0 short sword.
You die...

#..#####†# .#
#.....#..# .#
#.......## #......##
########......######
........####...!....
........###.....####
........##?.#.#.....
........lK@##.#####.
........#####.#
?.......# .#
........# ##
........# ....>...#
#######.. ##.


You could see a kobold and a frilled lizard.

Vanquished Creatures
  A giant cockroach (D:1)
  A hobgoblin (D:1)
  2 jackals (D:1)
  A ball python (D:1)
  A kobold (D:1)
  A rat (D:1)
7 creatures vanquished.

Notes
Turn   | Place    | Note
-------+----------+-------------------------------------------
     0 | D:1      | lunkers the Coglin Wanderer began the quest for the Orb.
     0 | D:1      | lunkers set off with the following items: a +0 dagger
                  | {Iseul}, a potion of heal wounds, a +0 robe, a wand of
                  | polymorph (4); and the following spells available to
                  | memorise: Freeze, Kiss of Death, Frozen Ramparts,
                  | Hailstorm, Fugue of the Fallen.
     0 | D:1      | Reached XP level 1. HP: 13/13 MP: 2/2
    32 | D:1      | Reached skill level 1 in Short Blades
    75 | D:1      | Reached XP level 2. HP: 6/19 MP: 3/3
    85 | D:1      | Slain by a kobold

Illustrated notes

Levels and vault maps discovered:
D:1:      tarquinn_simple_flora_water_e, layout_rooms

Skill      XL: |  1 |
---------------+----+-----
Short Blades   | 1 |  1.7
Stealth        | |  1.5
Spellcasting   | |  1.0
Necromancy     | |  1.0
Ice Magic      | |  2.6
Evocations     | |  4.0

Action                     || total
---------------------------++-------
  Melee: Dagger            ||    37
 Armour: Robe              ||    20
  Dodge: Dodged            ||    23

Table legend: (Time is in decaauts)
 A = Elapsed time spent in this place.
 B = Non-inter-level travel time spent in this place.
 C = Inter-level travel time spent in this place.
 D = Time resting spent in this place.
 E = Time spent auto-exploring this place.
 F = Levels seen in this place.
 G = Mean time per level.
                   A        B        C        D        E       F      G
               +--------+--------+--------+--------+--------+-----+--------+
         Total |     83 |     83 |      0 |      0 |     34 |   1 |   83.0 |
       Dungeon |     83 |     83 |      0 |      0 |     34 |   1 |   83.0 |
               +--------+--------+--------+--------+--------+-----+--------+

Top non-repeatable levels by time:
     D:1: 83 daAuts
